 Dungeon Crawl Stone Soup version 0.29.1-1-gd02db69 (webtiles) character file.

Game seed: 4446366845435701761

605 Kel the Chopper (level 7, -4/41 HPs)
             Began as a Gargoyle Berserker on Nov 27, 2022.
             Was a Priest of Trog.
             Slain by a water moccasin (5 damage)
             ... on level 5 of the Dungeon.
             The game lasted 00:06:16 (5134 turns).

Kel the Chopper (Gargoyle Berserker)                Turns: 5134, Time: 00:06:16

Health: -4/41      AC: 11    Str: 23    XL:     7   Next: 42%
Magic:  7/7        EV: 10    Int:  7    God:    Trog [***...]
Gold:   263        SH:  0    Dex:  9    Spells: 6/6 levels left

rFire   . . .      SeeInvis .   u - +0 battleaxe
rCold   . . .      Faith    .   (shield currently unavailable)
rNeg    + . .      Spirit   .   g - +0 scale mail
rPois   ∞          Reflect  .   (no helmet)
rElec   +          Harm     .   d - scarf {repulsion}
rCorr   .          Rampage  .   (no gloves)
Will    .....                   (no boots)
Stlth   ..........              (no amulet)
HPRegen 0.13/turn               (no ring)
MPRegen 0.10/turn               (no ring)

@: on berserk cooldown, slowed, repel missiles, very slow
A: sickness immunity, AC +4, negative energy resistance 1, electricity
resistance, torment resistance 1, petrification resistance
a: Renounce Religion, Berserk, Trog's Hand


You were on level 5 of the Dungeon.
You worshipped Trog.
Trog was most pleased with you.
You visited 1 branch of the dungeon, and saw 5 of its levels.

You collected 263 gold pieces.

Inventory:

Hand Weapons
 l - a +3 hand axe
 u - a +0 battleaxe (weapon)
Armour
 d - a scarf of repulsion (worn)
 g - a +0 scale mail (worn)
Wands
 n - a wand of roots (10)
 t - a wand of paralysis (8)
Scrolls
 a - 2 scrolls of blinking {unknown}
 c - 8 scrolls of identify {unknown}
 i - a scroll of brand weapon {unknown}
 j - a scroll of magic mapping {unknown}
 k - a scroll of enchant armour {unknown}
 m - a scroll of summoning {unknown}
 o - 4 scrolls of noise {unknown}
 p - 2 scrolls of teleportation {unknown}
 q - a scroll of vulnerability {unknown}
 s - a scroll of torment {unknown}
Potions
 b - a potion of degeneration {unknown}
 e - a potion of might {unknown}
 f - 2 potions of heal wounds {unknown}
 h - 4 potions of curing {unknown}
 r - a potion of mutation {unknown}


   Skills:
 - Level 3.2 Fighting
 + Level 7.6 Axes
 - Level 2.1 Armour
 - Level 1.5 Dodging


You had 6 spell levels left.
You didn't know any spells.
Your spell library was empty.

Dungeon Overview and Level Annotations

Branches:
Dungeon (5/15)
 Temple: D:4-7

Altars:
Fedhas
Makhleb
Ru

Shops:
D:5 *


Innate Abilities, Weirdness & Mutations

You are immune to sickness and miasma.
Your stone body is resilient. (AC +4)
You are immune to poison.
You resist negative energy. (rN+)
You are resistant to electric shocks. (rElec)
You are resistant to unholy torment.
You are immune to petrification.


Message History

The gnoll hits you with a +0 club.
You closely miss the gnoll. You hit the gnoll. You barely miss the gnoll.
You barely miss the water moccasin.
The water moccasin bites you but does no damage.
The gnoll barely misses you. x2; The gnoll closely misses you.
You hit the gnoll.
The gnoll is lightly wounded.
You slash the gnoll!
You kill the gnoll!
Trog accepts your kill.
You closely miss the water moccasin. You slice the gnoll!!
You kill the gnoll!
Trog accepts your kill. The water moccasin bites you.
The gnoll hits you with a +0 halberd!
* * * LOW HITPOINT WARNING * * *
The water moccasin bites you but does no damage.
You hit the gnoll.
The gnoll is heavily wounded.
You completely miss the water moccasin. You closely miss the gnoll.
The water moccasin bites you but does no damage.
The gnoll barely misses you. The gnoll hits you with a +0 halberd!
* * * LOW HITPOINT WARNING * * *
You slash the gnoll!
You kill the gnoll!
Trog accepts your kill.
You slash the gnoll!
You kill the gnoll!
Trog accepts your kill.
You barely miss the water moccasin. You miss the water moccasin.
The water moccasin bites you.
* * * LOW HITPOINT WARNING * * *
The water moccasin barely misses you.
The water moccasin bites you but does no damage.
You slash the water moccasin!
The water moccasin is heavily wounded.
You miss the water moccasin.
You are no longer berserk.
You are exhausted.
You feel yourself slow down. The water moccasin bites you.
You die...

......##..###........[..........#
....g.#....##..<..............###
............##.............)###
......g......#...........####
.....?...##...#.......####
.......#####...######## #####
......## ###.)## ##....≈ ....###
##SS## ##.....≈ ...# ##@)##
##......≈ ... ##).### #.......≈
.. ###..## #.......≈
##.>###........ ##..##........
##..#........ ##..........
##......... ##......##


You could see 2 water moccasins.

Vanquished Creatures
  A black bear (D:5)
  A phantom (D:5)
  A hound (D:4)
  2 gnoll boudas
  2 orc priests (D:4)
  An orc wizard (D:4)
  14 gnolls
  4 adders
  3 dart slugs
  10 orcs
  8 ball pythons
  3 bats (D:1)
  10 endoplasms
  4 giant cockroaches
  5 hobgoblins
  4 jackals
  6 quokkas
  3 frilled lizards
  8 goblins
  11 kobolds
  8 rats
109 creatures vanquished.

Notes
Turn   | Place    | Note
-------+----------+-------------------------------------------
     0 | D:1      | Kel the Gargoyle Berserker began the quest for the Orb.
     0 | D:1      | Reached XP level 1. HP: 14/14 MP: 1/1
    26 | D:1      | Reached skill level 3 in Axes
    67 | D:1      | Reached XP level 2. HP: 17/19 MP: 2/2
   313 | D:1      | Reached XP level 3. HP: 18/23 MP: 3/3
   717 | D:1      | Reached skill level 4 in Axes
  1089 | D:2      | Reached ** piety under Trog
  1894 | D:2      | Reached XP level 4. HP: 28/28 MP: 4/4
  1945 | D:2      | Found the +8 Vampire's Tooth {vamp}
  2282 | D:3      | Found a faded altar of an unknown god.
  2350 | D:3      | Identified the +10 spear of the Heavens {vamp, *Slow rPois
                  | rC+++ Dex-2}
  3083 | D:4      | Reached skill level 5 in Axes
  3083 | D:4      | Reached XP level 5. HP: 23/32 MP: 5/5
  3214 | D:4      | Found a sacrificial altar of Ru.
  3459 | D:4      | Reached XP level 6. HP: 37/37 MP: 6/6
  3687 | D:4      | Reached skill level 6 in Axes
  3897 | D:4      | Identified the +2 sling "Mytam" {speed, Str+4 Dex+6}
  4265 | D:4      | Reached *** piety under Trog
  4366 | D:4      | Found a burning altar of Makhleb.
  4366 | D:4      | Noticed a balrug
  4370 | D:4      | Noticed an orange demon
  4370 | D:4      | Noticed a ynoxinul
  4444 | D:4      | Found a blossoming altar of Fedhas.
  4730 | D:5      | Entered Level 5 of the Dungeon
  4787 | D:5      | Noticed a black bear
  4797 | D:5      | Killed a black bear
  4798 | D:5      | Reached skill level 7 in Axes
  4798 | D:5      | Reached XP level 7. HP: 26/41 MP: 7/7
  5101 | D:5      | Found Wyjurol's General Store.
  5132 | D:5      | HP: 3/61 [gnoll/+0 halberd[a gnoll bouda] (10)]
  5133 | D:5      | HP: 1/61 [water moccasin (2)]
  5134 | D:5      | Slain by a water moccasin

Illustrated notes

Levels and vault maps discovered:
D:1:      minmay_arrival_radiant_lines, layout_loops_ring, minmay_bisected
D:2:      layout_loops_corners
D:3:      layout_basic, shapermc_ecumenical_altar_ellora
D:4:      layout_loops_corners, makhleb_altar_promises_db, marbit_many_paths,
          nicolae_ru_sacrificial_ziggurat
D:5:      black_bear_nest_1, layout_cave_pods, minmay_temple_entry_junction_2,
          serial_shops, shop, kennysheep_little_box, shop, kennysheep_mini_moat,
          nicolae_shop_trees

Skill      XL: |  1  2  3  4  5  6 |
---------------+-------------------+-----
Axes           | 3 4 5 7 |  7.6
Fighting       | |  3.2
Armour         | |  2.1
Dodging        | |  1.5

Action                   |  1- 3 |  4- 6 |  7- 9 || total
-------------------------+-------+-------+-------++-------
Melee: Hand axe          |   103 |   133 |       ||   236
       Punch             |       |     1 |       ||     1
       Battleaxe         |       |       |    15 ||    15
Invok: Berserk           |     1 |     2 |     1 ||     4
Armor: Animal skin       |    29 |       |       ||    29
       Scale mail        |    22 |    53 |    14 ||    89
Dodge: Dodged            |    67 |    66 |    21 ||   154
       Repelled          |     1 |       |       ||     1
